 Dungeon Crawl Stone Soup version 0.29-a0-330-g52719c12eb (webtiles) character file.

Game seed: 3435335552179866951

81 kae the Firebug (level 4, 0/25 HPs)
             Began as a Tengu Fire Elementalist on Apr 14, 2022.
             Slain by an adder (2 damage)
             ... on level 2 of the Dungeon.
             The game lasted 00:01:03 (2021 turns).

kae the Firebug (Tengu Fire Elementalist)           Turns: 2021, Time: 00:01:04

Health: 0/25       AC:  2    Str:  9    XL:     4   Next: 42%
Magic:  2/8        EV: 12    Int: 17    God:
Gold:   99         SH:  0    Dex: 14    Spells: 6/7 levels left

rFire   . . .      SeeInvis .   f - +0 short sword
rCold   . . .      Faith    .   (no shield)
rNeg    . . .      Spirit   .   a - +0 robe
rPois   .          Reflect  .   (helmet restricted)
rElec   .          Harm     .   (no cloak)
rCorr   .          Rampage  .   (no gloves)
Will    .....                   (boots unavailable)
Stlth   ++........              (no amulet)
HPRegen 0.08/turn               (no ring)
MPRegen 0.11/turn               (no ring)

@: brilliant, weak-willed
A: beak, talons 3
a: no special abilities


You were on level 2 of the Dungeon.
You visited 1 branch of the dungeon, and saw 2 of its levels.

You collected 99 gold pieces.

Inventory:

Hand Weapons
 f - a +0 short sword (weapon)
Armour
 a - a +0 robe (worn)
Jewellery
 d - a ring of magical power
Scrolls
 c - a scroll of identify
Potions
 b - a potion of magic
 g - a potion of cancellation


   Skills:
 + Level 1.2 Fighting
 + Level 2.8 Dodging
 - Level 2.0 Stealth
 + Level 2.4 Spellcasting
 + Level 2.4 Conjurations
 * Level 4.2 Fire Magic


You had 6 spell levels left.
You knew the following spells:

 Your Spells              Type           Power      Damage    Failure   Level
a - Foxfire               Conj/Fire      80%        2x1d8     4%          1

Your spell library contained the following spells:

 Spells                   Type           Power      Damage    Failure   Level
 Scorch                   Fire           48%        2d7       4%          2
 Conjure Flame            Conj/Fire      20%        6-21      14%         3
 Inner Flame              Hex/Fire       13%        N/A       24%         3
 Flame Wave               Conj/Fire      20%        2d7       43%         4


Dungeon Overview and Level Annotations

Branches:
Dungeon (2/15)

Altars:
Gozag
Ru


Innate Abilities, Weirdness & Mutations

You have a beak for a mouth.
You have claws for feet.


Message History

The hound barely misses you.
You don't have any unidentified items.
Okay, then.
You feel clever all of a sudden. The hound closely misses you.
The hound bites you.
Casting: Foxfire (safe; 5% risk of failure)
Confirm with . or Enter, or press ? or * to list all spells.
You don't know that spell.
Casting: Foxfire (safe; 5% risk of failure)
Confirm with . or Enter, or press ? or * to list all spells.
You don't know that spell.
The hound attacks as you move away! The hound bites you.
Your magical contamination has completely faded away.
The hound bites you.
Casting: Foxfire (safe; 5% risk of failure)
Confirm with . or Enter, or press ? or * to list all spells.
You feel a surge of power!
You conjure some foxfire!
The hound bites you.
* * * LOW HITPOINT WARNING * * *
The foxfire hits the hound.
The hound is heavily wounded.
The foxfire hits the hound.
The hound is heavily wounded.
The hound barely misses you. The hound bites you.
* * * LOW HITPOINT WARNING * * *
Casting: Foxfire (safe; 5% risk of failure)
Confirm with . or Enter, or press ? or * to list all spells.
You feel a surge of power!
You conjure some foxfire!
The hound barely misses you.
The foxfire hits the hound.
The hound is severely wounded.
The foxfire hits the hound.
You kill the hound!
The adder bites you.
* * * LOW HITPOINT WARNING * * *
You have reached level 4!
You feel stronger.
Casting: Foxfire (safe; 4% risk of failure)
Confirm with . or Enter, or press ? or * to list all spells.
You feel a surge of power!
You conjure some foxfire!
The adder bites you.
You die...

#......_...#
#..........#
.....w.....# ..#
#..#.# #.# #.#
##...# #.# #.#
#w### #.# #.# #B#
#.# #.# #.####S#
#.# #.# #....v@#
#.# #.# #####§v#
#.# #.#######..#
..#####..........#
........#######..#
#######.#######..#
#..........#
#########.## #.#


You could see an adder (weak-willed, ally target), a dart slug and a giant
cockroach (weak-willed).

Vanquished Creatures
  A hound (D:2)
  An adder (D:2)
  5 ball pythons
  2 endoplasms
  3 giant cockroaches
  3 goblins (D:1)
  3 hobgoblins
  4 kobolds
  4 quokkas (D:1)
  7 bats (D:1)
  A frilled lizard (D:1)
  7 rats
41 creatures vanquished.

Vanquished Creatures (collateral kills)
  4 foxfires (D:1)
4 creatures vanquished.

Vanquished Creatures (others)
  110 foxfires
110 creatures vanquished.

Grand Total: 155 creatures vanquished

Notes
Turn   | Place    | Note
-------+----------+-------------------------------------------
     0 | D:1      | kae the Tengu Fire Elementalist began the quest for the
                  | Orb.
     0 | D:1      | Reached XP level 1. HP: 10/10 MP: 4/4
   242 | D:1      | Found an opulent altar of Gozag.
   259 | D:1      | Reached XP level 2. HP: 15/15 MP: 4/6
  1074 | D:1      | Found a faded altar of an unknown god.
  1151 | D:1      | Reached XP level 3. HP: 20/20 MP: 5/7
  1663 | D:2      | Reached skill level 1 in Fighting
  1931 | D:2      | Reached skill level 4 in Fire Magic
  2000 | D:2      | Found a sacrificial altar of Ru.
  2021 | D:2      | Reached XP level 4. HP: 2/25 MP: 3/8
  2021 | D:2      | Slain by an adder

Illustrated notes

Levels and vault maps discovered:
D:1:      roderic_crossed_star, layout_basic,
          dilly_ecumenical_altar_fadedgnrine, dreamdust_princess_bridge,
          minmay_hexomino_r4
D:2:      layout_loops_ring, basic_altar, cheibrodos_gnoll_hut

Skill      XL: |  1  2  3 |
---------------+----------+-----
Conjurations   | 2 |  2.4
Fighting       | 1 |  1.2
Fire Magic     | 4 |  4.2
Dodging        | |  2.8
Stealth        | |  2.0
Spellcasting   | |  2.4

Action                   |  1- 3 |  4- 6 || total
-------------------------+-------+-------++-------
Melee: Short sword       |    18 |       ||    18
       Kick              |     6 |       ||     6
       Peck              |     3 |       ||     3
 Cast: Foxfire           |    71 |     1 ||    72
  Use: Scroll            |     6 |       ||     6
       Potion            |     1 |       ||     1
 Stab: Sleeping          |     2 |       ||     2
Armor: Robe              |     4 |       ||     4
Dodge: Dodged            |    28 |       ||    28

Table legend: (Time is in decaauts)
 A = Elapsed time spent in this place.
 B = Non-inter-level travel time spent in this place.
 C = Inter-level travel time spent in this place.
 D = Time resting spent in this place.
 E = Time spent auto-exploring this place.
 F = Levels seen in this place.
 G = Mean time per level.
                   A        B        C        D        E       F      G
               +--------+--------+--------+--------+--------+-----+--------+
         Total |   2022 |   1989 |     33 |     21 |   1696 |   2 | 1011.0 |
       Dungeon |   2022 |   1989 |     33 |     21 |   1696 |   2 | 1011.0 |
               +--------+--------+--------+--------+--------+-----+--------+

Top non-repeatable levels by time:
     D:1: 1551 daAuts
     D:2: 471 daAuts
